 Dungeon Sprint DCSS version 0.30.1-11-g7821555f0a (webtiles) character file.

Game seed: 6521257946046608405

424 Groucho the Gouger (level 6, -21/36 HPs)
             Began as a Felid Monk on Dec 11, 2023.
             Was a Follower of Uskayaw.
             Demolished by a boulder beetle (22 damage)
             ... in the Dungeon (Sprint IX: "|||||||||||||||||||||||||||||").
             The game lasted 00:04:04 (1269 turns).

Groucho the Gouger (Felid Monk)                     Turns: 1269, Time: 00:04:05

Health: -21/36     AC:  2    Str:  7    XL:     6   Next: 64%
Magic:  14/14      EV: 25    Int: 12    God:    Uskayaw [*.....]
Gold:   10         SH:  0    Dex: 20    Spells: 5/5 levels left
                                        Lives:  0   Deaths: 2

rFire   . .          .
                       - Unarmed
rCold   . . .        (shield unavailable)
rNeg    . . .        (body armour unavailable)
rPois   .            (helmet unavailable)
rElec   .            (cloak unavailable)
rCorr   .            (gloves unavailable)
SInv    +            (boots unavailable)
Will    .....        (no amulet)
Stlth   +++++        (no ring)
HPRegen 0.26/turn    (no ring)
MPRegen 0.14/turn

%: no teleportation
@: quick
A: very small, claws 1, fangs 3, see invisible, speed 1, shaggy fur 2, stealthy
paws, no weapons or thrown items, no armour, multi-lived
a: Renounce Religion, Stomp


You were in the Dungeon.
You worshipped Uskayaw.
Uskayaw was aware of your devotion.
You visited 1 branch You collected 10 gold pieces.

Inventory:

Jewellery
 j - a +3 ring of intelligence
 k - a +2 ring of protection
Wands
 i - a wand of quicksilver (10)
Scrolls
 g - 2 scrolls of blinking
 h - 2 scrolls of amnesia
Potions
 a - a potion of ambrosia
 b - 4 potions of curing
 e - 4 potions of magic


   Skills:
 - Level 10.0 Fighting
 - Level 10.0 Dodging
 - Level 10.0 Stealth
 + Level 10.4 Unarmed Combat
 - Level 10.0 Invocations


You had 5 spell levels left.
You didn't know any spells.
Your spell library was empty.

Dungeon Overview and Level Annotations

Branches:
Dungeon (1/1)

Altars:
Cheibriados
Dithmenos
Elyvilon
Fedhas
Gozag
Hepliaklqana
Kikubaaqudgha
Makhleb
Nemelex Xobeh
Okawaru
Qazlal
Ru
Sif Muna
Trog
Uskayaw
Vehumet
Wu Jian
Xom
Yredelemnul
Zin
The Shining One
Jiyva
Lugonu


Innate Abilities, Weirdness & Mutations

You have sharp claws.
You have razor-sharp teeth.
You have supernaturally acute eyesight. (SInv)
You cover ground quickly. (Speed+)
You are covered in thick fur. (AC +2)
Your paws help you pounce on unaware monsters.
You are incapable of wielding weapons or throwing items.
You cannot wear armour.
You gain extra lives every three experience levels.


Message History

Uskayaw will force your foes to helplessly watch your dance.
Uskayaw prepares the audience for your solo!
You are now level 6!
You rejoin the land of the living...
You can no longer pass through a line of other dancers.
You open the door.
There is an open door here.
You scratch the boulder beetle but do no damage.
Your claw misses the boulder beetle. The boulder beetle bites you!!
Ouch! That really hurt!
You scratch the boulder beetle.
The boulder beetle is lightly wounded.
The boulder beetle closely misses you.
You scratch the boulder beetle but do no damage.
The boulder beetle is lightly wounded.
The boulder beetle bites you!
* * * LOW HITPOINT WARNING * * *
You scratch the boulder beetle.
The boulder beetle is lightly wounded.
The boulder beetle misses you.
You scratch the boulder beetle but do no damage.
You claw the boulder beetle, but do no damage.
You bite the boulder beetle, but do no damage.
The boulder beetle is lightly wounded.
You scratch the boulder beetle.
The boulder beetle is lightly wounded.
The boulder beetle barely misses you.
You scratch the boulder beetle.
The boulder beetle is lightly wounded.
The boulder beetle closely misses you.
You scratch the boulder beetle but do no damage.
The boulder beetle is lightly wounded.
The boulder beetle bites you!
* * * LOW HITPOINT WARNING * * *
You scratch the boulder beetle but do no damage.
You claw the boulder beetle, but do no damage.
The boulder beetle is lightly wounded.
The boulder beetle bites you!!
Ouch! That really hurt!
You die...

▓▓▓▓▓▓▓▓▓▓▓▓▓▓▓▓▓▓▓▓▓▓▓▓▓
▓..'....@B'[..)))'..[[[.)
▓.▓▓▓▓▓▓▓▓▓▓▓▓▓▓▓▓▓▓▓▓▓▓▓
▓........................
▓▓▓▓▓▓▓▓▓▓▓▓▓▓▓▓▓▓▓▓▓▓▓▓▓
▓....'..[[[[..'[(YYY†YYYY
▓.▓▓▓▓▓▓▓▓▓▓▓▓▓▓▓▓▓▓▓▓▓▓▓


You could see a boulder beetle.

Vanquished Creatures
  A boulder beetle (D)
  A troll (D)
  A wyvern (D)
  A basilisk (D)
  A yak (D)
  An acid dragon (D)
  2 orc warriors (D)
  A scorpion (D)
  A howler monkey (D)
  A hound (D)
  2 orc wizards (D)
  A shadow imp (D)
  2 dart slugs (D)
  A worm (D)
  A ball python (D)
  2 goblins (D)
  A quokka (D)
21 creatures vanquished.

Notes
Turn   | Place    | Note
-------+----------+-------------------------------------------
     0 | D        | Groucho the Felid Monk began the quest for the Orb.
     0 | D        | Reached XP level 1. HP: 10/10 MP: 2/2
     8 | D        | Reached skill level 1 in Stealth
    12 | D        | Banished a spatial maelstrom
    20 | D        | Reached XP level 2. HP: 5/14 MP: 3/3
   226 | D        | Noticed a scorpion
   233 | D        | Reached skill level 5 in Dodging
   242 | D        | Killed a scorpion
   243 | D        | Reached skill level 5 in Fighting
   243 | D        | Reached skill level 5 in Stealth
   243 | D        | Reached skill level 5 in Unarmed Combat
   243 | D        | Reached XP level 3. HP: 10/19 MP: 4/4
   243 | D        | Reached XP level 4. HP: 12/23 MP: 5/5
   598 | D        | Found a snail-covered altar of Cheibriados.
   598 | D        | Found a shadowy altar of Dithmenos.
   598 | D        | Found a white marble altar of Elyvilon.
   598 | D        | Found a blossoming altar of Fedhas.
   598 | D        | Found an opulent altar of Gozag.
   599 | D        | Found a hazy altar of Hepliaklqana.
   600 | D        | Found a viscous altar of Jiyva.
   601 | D        | Found an ancient bone altar of Kikubaaqudgha.
   602 | D        | Found a corrupted altar of Lugonu.
   603 | D        | Found a burning altar of Makhleb.
   604 | D        | Found a sparkling altar of Nemelex Xobeh.
   605 | D        | Found an iron altar of Okawaru.
   606 | D        | Found a stormy altar of Qazlal.
   607 | D        | Found a sacrificial altar of Ru.
   608 | D        | Found a shimmering blue altar of Sif Muna.
   609 | D        | Found a bloodstained altar of Trog.
   610 | D        | Found a hide-covered altar of Uskayaw.
   611 | D        | Found a radiant altar of Vehumet.
   612 | D        | Found an ornate altar of the Wu Jian Council.
   613 | D        | Found a shimmering altar of Xom.
   614 | D        | Found a basalt altar of Yredelemnul.
   615 | D        | Found a glowing silver altar of Zin.
   616 | D        | Found a glowing golden altar of the Shining One.
   618 | D        | Became a worshipper of Uskayaw the Reveller
   618 | D        | Reached * piety under Uskayaw
   654 | D        | Noticed a wyvern
   654 | D        | Noticed an orc warrior
   654 | D        | Noticed a yak
   654 | D        | Noticed an acid dragon
   654 | D        | Noticed an orc warrior
   659 | D        | Reached ** piety under Uskayaw
   660 | D        | Reached *** piety under Uskayaw
   661 | D        | Killed an orc warrior
   662 | D        | Reached XP level 5. HP: 14/31 MP: 6/6
   664 | D        | Reached **** piety under Uskayaw
   669 | D        | Killed an acid dragon
   669 | D        | Reached ***** piety under Uskayaw
   670 | D        | Reached skill level 10 in Fighting
   670 | D        | Gained mutation: You are covered in thick fur. (AC +2)
                  | [Felid growth]
   670 | D        | Reached XP level 6. HP: 36/36 MP: 7/7
   671 | D        | Killed a yak
   675 | D        | Killed an orc warrior
   676 | D        | Reached skill level 10 in Unarmed Combat
   677 | D        | Reached ****** piety under Uskayaw
   682 | D        | Killed a wyvern
   683 | D        | Reached skill level 10 in Dodging
   683 | D        | Reached XP level 7. HP: 21/39 MP: 8/8
   855 | D        | Noticed a boulder beetle
   855 | D        | Noticed a boulder beetle
   855 | D        | Noticed a troll
   855 | D        | Noticed a basilisk
   863 | D        | Reached skill level 1 in Invocations
   876 | D        | Killed a basilisk
   887 | D        | Killed a boulder beetle
   888 | D        | Reached skill level 10 in Stealth
   888 | D        | Reached XP level 8. HP: 37/43 MP: 1/15
   896 | D        | Killed a troll
   897 | D        | Reached skill level 10 in Invocations
  1104 | D        | Slain by a boulder beetle
  1105 | D        | Reached XP level 7. HP: -2/39 MP: 15/15
  1124 | D        | Noticed an elephant
  1124 | D        | Noticed an elephant
  1125 | D        | Noticed a dire elephant
  1126 | D        | Noticed an elephant
  1127 | D        | Noticed an elephant
  1128 | D        | Noticed an elephant
  1129 | D        | Noticed an elephant
  1144 | D        | Noticed an elephant
  1147 | D        | Slain by an elephant
  1148 | D        | Reached XP level 6. HP: 0/36 MP: 11/14
  1268 | D        | HP: 1/36 [boulder beetle (7)]
  1269 | D        | Demolished by a boulder beetle

Illustrated notes

Levels and vault maps discovered:
D:        linesprint [early_d, line_temple, items_1, d_10, items_2, lair_1,
          lair_end, items_3, orc_1, orc_end, items_4, d_15, swamp_1, shoals_1,
          snake_1, spider_1, d_20, vaults_1, items_5, swamp_end, shoals_end,
          snake_end, spider_end, vaults_end, d_27, items_6, zot_1, zot_end,
          crypt_end, forest_end, elf_end, slime_end, tomb_end, abyss_end,
          pan_hell_end]

Skill      XL: |  1  2  3  4  5  6  7  8 |
---------------+-------------------------+-----
Stealth        | 2 5 6 7 10 | 10.0
Dodging        | 6 7 10 | 10.0
Unarmed Combat | 5 7 10 | 10.4
Fighting       | 5 9 10 | 10.0
Invocations    | 8 10 | 10.0

Action                     |  1- 3 |  4- 6 |  7- 9 || total
---------------------------+-------+-------+-------++-------
  Melee: Unarmed           |    31 |    35 |    55 ||   121
         Bite              |     3 |     5 |    14 ||    22
         Punch             |       |     3 |    10 ||    13
 Invoke: Line Pass         |       |       |     3 ||     3
    Use: Potion            |     1 |     2 |     4 ||     7
   Stab: Invisible         |       |     5 |       ||     5
         Paralysed         |       |     1 |     2 ||     3
         Sleeping          |       |     1 |       ||     1
         Confused          |       |       |     2 ||     2
         Distracted        |       |       |     1 ||     1
  Dodge: Dodged            |    15 |    23 |    42 ||    80
